 Dungeon Crawl Stone Soup version 0.28-a0-245-g639a1a48b9 (webtiles) character file.

Game seed: 4087185719846298293

426 porpoise the Skirmisher (level 6, 0/71 HPs)
             Began as an Ogre Arcane Marksman on Aug 25, 2021.
             Succumbed to a scorpion's poison
             ... in an ossuary.
             The game lasted 00:16:43 (4899 turns).

porpoise the Skirmisher (Ogre Arcane Marksman)      Turns: 4899, Time: 00:16:43

Health: 0/71       AC:  3    Str: 15    XL:     6   Next: 97%
Magic:  7/7        EV: 10    Int: 16    God:
Gold:   196        SH:  0    Dex:  9    Spells: 6/7 levels left

rFire   . . .      SeeInvis +   a - +2 short sword (drain)
rCold   . . .      Faith    .   (no shield)
rNeg    . . .      Spirit   .   k - +0 robe
rPois   .          Reflect  .   (helmet restricted)
rElec   .          Harm     .   (no cloak)
rCorr   .          Rampage  .   (gloves unavailable)
Will    .....                   (boots unavailable)
Stlth   +.........              (no amulet)
HPRegen 0.21/turn               g - ring of see invisible
MPRegen 0.10/turn               (no ring)

@: lethally poisoned (0 -> -6)
A: large, unfitting armour, tough skin 1
a: no special abilities


You were in an ossuary.
You visited 1 branch of the dungeon, and saw 4 of its levels.
You also visited: Ossuary.

You collected 196 gold pieces.

Inventory:

Hand Weapons
 a - a +2 short sword of draining (weapon)
 b - a +0 hunting sling
 w - a +0 flail
Missiles
 c - 4 throwing nets
 d - 106 stones
 f - 3 large rocks (quivered)
 h - 5 sling bullets
 l - 15 poisoned darts
Armour
 k - a +0 robe (worn)
Jewellery
 g - a ring of see invisible (left hand)
Wands
 e - a wand of iceblast (10)
 j - a wand of paralysis (10)
Scrolls
 m - a scroll of identify
Potions
 i - a potion of attraction


   Skills:
 - Level 7.0 Fighting
 + Level 1.8 Maces & Flails
 - Level 4.0 Throwing
 + Level 2.1 Dodging
 - Level 1.2 Spellcasting
 - Level 2.6 Hexes


You had 6 spell levels left.
You knew the following spells:

 Your Spells              Type           Power      Damage    Failure   Level
a - Corona                Hex            10%        N/A       8%          1

Your spell library contained the following spells:

 Spells                   Type           Power      Damage    Failure   Level
 Slow                     Hex            9%         N/A       12%         2
 Inner Flame              Hex/Fire       5%         N/A       36%         3
 Portal Projectile        Hex/Tloc       10%        N/A       36%         3
 Cause Fear               Hex            4%         N/A       58%         4
 Dispersal                Tloc           0%         N/A       100%        6
 Disjunction              Tloc           0%         N/A       100%        8


Dungeon Overview and Level Annotations

Branches:
Dungeon (4/15)            Ossuary (1/1)
 Temple: D:4-7

Altars:


Innate Abilities, Weirdness & Mutations

You are too large for most types of armour.
You have tough skin. (AC +1)


Message History

You are more poisoned.
The scorpion poisons you!
You hit the scorpion.
The scorpion is heavily wounded.
You feel very sick. The scorpion barely misses you.
You closely miss the scorpion.
The scorpion is heavily wounded.
You feel very sick. The scorpion closely misses you. The scorpion stings you!
You hit the scorpion.
The scorpion is severely wounded.
You feel very sick. The scorpion stings you.
* * * LOW HITPOINT WARNING * * *
You are lethally poisoned!
The scorpion poisons you!
Okay, then.
Unknown command.
Throw: 4 large rocks
Press: ? - help, Q - select action, (/) - cycle Shift-Dir - straight line, f/p - scorpion
Aim: a scorpion (severely wounded, 60% to hit)
You throw a large rock. The large rock hits the scorpion.
You kill the scorpion!
* * * LOW HITPOINT WARNING * * *
You feel extremely sick.
Your Dodging skill increases to level 2!
Okay, then.
As you read the scroll labelled BIXTIFR WITTAJ, it crumbles to dust.
You hear a loud clanging noise!
It was a scroll of noise.
* * * LOW HITPOINT WARNING * * *
You feel very sick.
You don't have any unidentified items.
Unknown command.
* * * LOW HITPOINT WARNING * * *
You feel sick.
* * * LOW HITPOINT WARNING * * *
You feel sick.
You die...

#...#.......#...#...#
#.∩.'...8...#...8...#
#...#...#...#.......#
##############8...8##
.#.?!#...#.......#
.'..!#...'...8...#
#.?M#...#...#...#
#+#######'##########
.... #..@..#
.....#(((..#
.....8.....#
.......(...#
........(..#
##8(....8###
..........
...........
.....8.....#


There were no monsters in sight!

Vanquished Creatures
  3 scorpions (Ossuary)
  2 human zombies (Ossuary)
  An orc priest (D:3)
  2 scorpion zombies (Ossuary)
  3 adders
  A dart slug (D:1)
  A worm (D:2)
  5 orcs (D:3)
  5 endoplasms
  A giant cockroach (D:1)
  8 hobgoblins
  9 kobolds
  2 quokkas
  4 ball pythons
  7 bats
  4 frilled lizards
  2 gnoll zombies (Ossuary)
  11 goblins
  A goblin zombie (Ossuary)
  A hobgoblin zombie (Ossuary)
  A jackal zombie (D:4)
  9 rats
  A rat zombie (D:4)
84 creatures vanquished.

Vanquished Creatures (others)
  16 plants (D:3)
16 creatures vanquished.

Grand Total: 100 creatures vanquished

Notes
Turn   | Place    | Note
-------+----------+-------------------------------------------
     0 | D:1      | porpoise the Ogre Arcane Marksman began the quest for the
                  | Orb.
     0 | D:1      | Reached XP level 1. HP: 19/19 MP: 2/2
   330 | D:1      | Reached skill level 2 in Fighting
   333 | D:1      | Reached XP level 2. HP: 10/29 MP: 3/3
   487 | D:1      | Reached skill level 3 in Fighting
  1247 | D:1      | Reached XP level 3. HP: 36/39 MP: 4/4
  1275 | D:1      | Found a faded altar of an unknown god.
  1323 | D:1      | Reached skill level 4 in Fighting
  2288 | D:2      | Reached XP level 4. HP: 48/49 MP: 5/5
  3275 | D:3      | Reached skill level 5 in Fighting
  3318 | D:3      | Reached XP level 5. HP: 52/57 MP: 6/6
  4038 | D:4      | Found a sand-covered staircase.
  4063 | Ossuary  | Entered an ossuary
  4103 | Ossuary  | Reached skill level 6 in Fighting
  4103 | Ossuary  | Reached XP level 6. HP: 19/67 MP: 7/7
  4749 | Ossuary  | Reached skill level 1 in Maces & Flails
  4766 | Ossuary  | Reached skill level 7 in Fighting
  4898 | Ossuary  | HP: 2/71 [poisoned by a scorpion]
  4899 | Ossuary  | Succumbed to a scorpion's poison

Illustrated notes

Levels and vault maps discovered:
D:1:      minmay_arrival_shattered_statue, layout_basic,
          chequers_ecumenical_altar_simple_redux, minmay_vboxes
D:2:      layout_loops_cross, minmay_misc_feat_enclosed
D:3:      layout_basic, kennysheep_boxes
D:4:      layout_rooms, nicolae_dithmenos_the_darkroom, enter_ossuary_3
Ossuary:  ossuary_minmay_scorpions

Skill      XL: |  1  2  3  4  5  6 |
---------------+-------------------+-----
Fighting       | 2 3 4 5 6 7 |  7.0
Throwing       | 3 4 |  4.0
Maces & Flails | 1 |  1.8
Dodging        | 2 |  2.1
Spellcasting   | |  1.2
Hexes          | |  2.6

Action                   |  1- 3 |  4- 6 || total
-------------------------+-------+-------++-------
Melee: Unarmed           |    45 |       ||    45
       Dagger            |    51 |       ||    51
       Short sword       |    43 |    96 ||   139
       Flail             |       |    41 ||    41
 Fire: Hunting sling     |    20 |    71 ||    91
Throw: Large rock        |     8 |     1 ||     9
       Stone             |    51 |       ||    51
       Dart              |       |     2 ||     2
  Use: Potion            |       |     1 ||     1
       Scroll            |       |     4 ||     4
Armor: Robe              |    49 |    27 ||    76
Dodge: Dodged            |    75 |    47 ||   122

Table legend: (Time is in decaauts)
 A = Elapsed time spent in this place.
 B = Non-inter-level travel time spent in this place.
 C = Inter-level travel time spent in this place.
 D = Time resting spent in this place.
 E = Time spent auto-exploring this place.
 F = Levels seen in this place.
 G = Mean time per level.
                   A        B        C        D        E       F      G
               +--------+--------+--------+--------+--------+-----+--------+
         Total |   4920 |   4755 |    165 |   1833 |   1939 |   5 |  984.0 |
       Dungeon |   4071 |   3906 |    165 |   1213 |   1939 |   4 | 1017.8 |
       Ossuary |    849 |    849 |      0 |    620 |      0 |   1 |  849.0 |
               +--------+--------+--------+--------+--------+-----+--------+

Top non-repeatable levels by time:
     D:1: 1741 daAuts
     D:3: 1387 daAuts
     D:2: 866 daAuts
 Ossuary: 849 daAuts
     D:4: 75 daAuts
